AoeStats
← Carple

Arena

503872722Analyzed
1v1 RM · 1mo ago on Sep 2, 2026· 49m 36s· 2 players
Game mode
Random Map
Map size
Tiny (2 player)
Population
200
Speed
Normal
Resources
Standard
Victory
Conquest
Starting age
Dark Age
Ending age
Imperial Age
RankedLock teamsTeams togetherTeam positionsShared explorationLock speedFull tech treeHidden civsTurbo modeCheats
Victory
Defeat
🇨🇦 Japanese · Canada
1212
+16
🇦🇹 Celts · Austria
1215
-16
Carple
6:55 Loom
10:30 Feudal Age
11:03 Double-Bit Axe
11:02 Horse Collar
17:05 Castle Age
15:24 Stone Mining
15:49 Gold Mining
17:05 Forging
17:07 Scale Mail Armor
19:38 Bow Saw
19:55 Squires
26:35 Heavy Plow
27:20 Loom
28:14 Wheelbarrow
28:23 Town Watch
29:42 Hand Cart
29:38 Arson
29:40 Gambesons
33:57 Imperial Age
32:40 Iron Casting
32:12 Scale Barding Armor
31:58 Fletching
32:09 Padded Archer Armor
33:13 Chain Mail Armor
33:13 Husbandry
33:24 Bloodlines
34:12 Gold Shaft Mining
34:32 Chain Barding Armor
34:35 Chain Mail Armor
34:10 Fletching
35:01 Conscription
34:04 Cavalier
36:46 Blast Furnace
35:39 Fletching
37:04 Chemistry
36:31 Ballistics
36:57 Elite Samurai
38:10 Plate Mail Armor
37:34 Fletching
37:45 Padded Archer Armor
38:22 Murder Holes
40:49 Kataparuto
40:41 Siege Engineers
40:33 Bodkin Arrow
40:56 Leather Archer Armor
41:14 Town Patrol
40:40 Pikeman
40:41 Man-at-Arms
42:35 Halberdier
43:04 Light Cavalry
44:37 Elite Skirmisher
46:13 Bracer
46:43 Ring Archer Armor
stYx
11:32 Feudal Age
15:10 Castle Age
13:02 Double-Bit Axe
13:00 Horse Collar
17:41 Bow Saw
24:03 Wheelbarrow
25:39 Loom
29:31 Imperial Age
26:56 Man-at-Arms
27:22 Gambesons
27:23 Arson
27:47 Scale Mail Armor
27:57 Forging
28:21 Gold Mining
28:01 Long Swordsman
30:48 Conscription
30:05 Two-Handed Swordsman
31:18 Chain Mail Armor
31:05 Champion
32:31 Heavy Scorpion
34:02 Iron Casting
35:41 Ballistics
35:29 Capped Ram
36:54 Plate Mail Armor
40:01 Blast Furnace
38:49 Pikeman
39:17 Halberdier
40:25 Fletching
47:27 Bodkin Arrow
Connection lost

Rejoining the realm…

Still unreachable

The connection could not be restored.

Session expired

The server has moved on; the page needs a fresh start.